 Dungeon Crawl Stone Soup version 0.28.0-1-gb440e238dd (webtiles) character file.

Game seed: 1405786772309342266

71 cbfl8 the Sneak (level 4, 0/40 HPs)
             Began as a Minotaur Delver on Feb 23, 2022.
             Succumbed to an adder's poison
             ... on level 5 of the Dungeon.
             The game lasted 00:00:42 (191 turns).

cbfl8 the Sneak (Minotaur Delver)                    Turns: 191, Time: 00:00:43

Health: 0/40       AC:  3    Str: 19    XL:     4   Next: 5%
Magic:  3/3        EV: 12    Int:  7    God:
Gold:   6          SH:  0    Dex: 11    Spells: 3/3 levels left

rFire   + . .      SeeInvis .   a - +0 hand axe
rCold   + . .      Faith    .   (no shield)
rNeg    . . .      Spirit   .   b - +0 leather armour
rPois   +          Reflect  .   (helmet restricted)
rElec   +          Harm     .   (no cloak)
rCorr   +          Rampage  .   (no gloves)
Will    .....                   (no boots)
Stlth   ++........              (no amulet)
HPRegen 0.13/turn               (no ring)
MPRegen 0.08/turn               (no ring)

@: lethally poisoned (0 -> -4), resistant
A: horns 2, retaliatory headbutt
a: no special abilities


You were on level 5 of the Dungeon.
You visited 1 branch of the dungeon, and saw 1 of its levels.

You collected 6 gold pieces.

Inventory:

Hand Weapons
 a - a +0 hand axe (weapon)
Armour
 b - a +0 leather armour (worn)
Wands
 g - a wand of digging (3)
Scrolls
 c - a scroll of fog
 d - a scroll of magic mapping
 e - a scroll of fear
Potions
 f - a potion of haste


   Skills:
 + Level 4.1 Fighting
 + Level 2.8 Axes
 + Level 0.4 Armour
 + Level 2.3 Dodging
 + Level 5.0 Stealth


You had 3 spell levels left.
You didn't know any spells.
Your spell library was empty.

Dungeon Overview and Level Annotations

Branches:
Dungeon (5/15)
 Temple: D:4-7

Altars:


Innate Abilities, Weirdness & Mutations

You have a pair of horns on your head.
You reflexively headbutt those who attack you in melee.


Message History

You hit the adder skeleton.
You feel sick. The adder skeleton closely misses you. The adder bites you.
You are more poisoned.
The adder poisons you!
You closely miss the adder.
The adder is moderately wounded.
You closely miss the adder skeleton.
You feel sick. The adder barely misses you. The adder skeleton bites you.
The adder bites you. The adder skeleton bites you.
You hit the adder.
The adder is severely wounded.
You hit the adder skeleton.
You feel sick. The adder bites you.
* * * LOW HITPOINT WARNING * * *
You are lethally poisoned!
The adder poisons you! The adder skeleton bites you.
* * * LOW HITPOINT WARNING * * *
You slash the adder!
You kill the adder!
You hit the adder skeleton.
* * * LOW HITPOINT WARNING * * *
You feel very sick. The adder skeleton barely misses you.
You have reached level 4!
You feel stronger.
You hit the adder skeleton.
You destroy the adder skeleton!
* * * LOW HITPOINT WARNING * * *
You feel sick.
There is a lethal amount of poison in your body!
There is a lethal amount of poison in your body!
There is a lethal amount of poison in your body!
It was a potion of resistance.
You feel protected.
* * * LOW HITPOINT WARNING * * *
You feel sick.
There is a lethal amount of poison in your body!
There is a lethal amount of poison in your body!
* * * LOW HITPOINT WARNING * * *
You feel sick.
You die...

.......<.....#
#####........#
#........#
#........#
#.###†.### #.
#..##
#.###...##
.#.......#
##..#@...#
#.#........#
#..#.......#
#.##.##.##.#
#.. #.# .# .#
#. ... .# #
#.# ## #.#


There were no monsters in sight!

Vanquished Creatures
  A scorpion (D:5)
  An adder (D:5)
  An adder skeleton (D:5)
  A dart slug (D:5)
4 creatures vanquished.

Notes
Turn   | Place    | Note
-------+----------+-------------------------------------------
     0 | D:5      | cbfl8 the Minotaur Delver began the quest for the Orb.
     0 | D:5      | Reached XP level 1. HP: 19/19 MP: 0/0
    73 | D:5      | Noticed a scorpion
    79 | D:5      | Killed a scorpion
    80 | D:5      | Reached skill level 5 in Stealth
    80 | D:5      | Reached XP level 2. HP: 21/27 MP: 1/1
    80 | D:5      | Reached XP level 3. HP: 25/33 MP: 2/2
   188 | D:5      | Reached XP level 4. HP: 5/40 MP: 3/3
   189 | D:5      | HP: 2/40 [poisoned by an adder]
   191 | D:5      | Succumbed to an adder's poison

Illustrated notes

Levels and vault maps discovered:
D:5:      layout_loops_ring

Skill      XL: |  1 |
---------------+----+-----
Fighting       | 4 |  4.1
Stealth        | 5 |  5.0
Axes           | |  2.8
Armour         | |  0.4
Dodging        | |  2.3

Action                   |  1- 3 |  4- 6 || total
-------------------------+-------+-------++-------
Melee: Hand axe          |    14 |     1 ||    15
       Punch             |     1 |       ||     1
  Use: Potion            |       |     1 ||     1
 Stab: Sleeping          |     1 |       ||     1
Armor: Leather armour    |     3 |       ||     3
Dodge: Dodged            |    11 |       ||    11
